 Dungeon Crawl Stone Soup version 0.17.2 (webtiles) character file.

728 Charly the Insei (level 7, -5/57 HPs)
             Began as a Naga Transmuter on May 6, 2016.
             Killed from afar by an orc wizard (6 damage)
             ... with a magic dart
             ... on level 7 of the Dungeon.
             The game lasted 00:15:56 (854 turns).

Charly the Insei (Naga Transmuter)                   Turns: 854, Time: 00:15:56

Health: -5/57      AC:  2    Str: 12    XL:     7   Next: 72%
Magic:  4/10       EV: 19    Int: 15    God:
Gold:   54         SH:  0    Dex: 17    Spells: 3 memorised, 4 levels left

rFire  . . .     SeeInvis +       - Unarmed
rCold  . . .     Clarity  .     (armour currently unavailable)
rNeg   . . .     SustAt   .     (shield currently unavailable)
rPois  .         Gourm    .     (helmet currently unavailable)
rElec  .         Spirit   .     (cloak currently unavailable)
rCorr  .         Warding  .     (gloves currently unavailable)
rMut   .         Stasis   .     (no barding)
MR     .....                    (no amulet)
Stlth  ++........               (no ring)
                                l - ring of poison resistance

@: spider-form (expiring), flying, not resistant to hostile enchantments,
unstealthy
A: see invisible, (deformed body), (poison resistance), (slowness 0), slow
metabolism 1, spit poison 2, AC +2
a: Spit Poison, End Transformation


You were on level 7 of the Dungeon.
You were hungry.
You were a venomous arachnid creature.
You visited 1 branch of the dungeon, and saw 7 of its levels.

You collected 54 gold pieces.

Inventory:

Missiles
 a - 8 arrows
 g - 12 poisoned arrows
Armour
 b - a +0 robe (melded)
Jewellery
 l - a ring of poison resistance (left front leg)
Wands
 i - a wand of disintegration (0)
 q - a wand of paralysis (0)
Scrolls
 e - a scroll of teleportation
 h - a scroll of enchant armour {unknown}
 k - a scroll of enchant weapon {unknown}
 n - a scroll of amnesia {unknown}
 p - a scroll of blinking {unknown}
Potions
 m - a potion of agility {unknown}
 o - a potion of brilliance {unknown}
Books
 c - a book of Changes

   Spells                             Type                      Level
   a - Beastly Appendage              Transmutation                1
   b - Sticks to Snakes               Transmutation                2
   c - Spider Form                    Transmutation/Poison         3
   d - Ice Form                       Ice/Transmutation            4
   e - Blade Hands                    Transmutation                5
Comestibles
 d - a bread ration
 f - 2 meat rations


   Skills:
 - Level 1.0 Fighting
 - Level 1.5 Dodging
 + Level 7.2 Unarmed Combat
 - Level 2.0 Spellcasting
 + Level 5.3 Transmutations


You had 4 spell levels left.
You knew the following spells:

 Your Spells              Type           Power        Failure   Level  Hunger
b - Beastly Appendage     Trmt           ###...       10%         1    #......
s - Sticks to Snakes      Trmt           ###.......   14%         2    ###....
S - Spider Form           Trmt/Pois      #.........   45%         3    ###....


Dungeon Overview and Level Annotations

Branches:
Dungeon (7/15)
 Temple: D:4-7

Altars:
Ashenzari
Ru

Annotations:
D:7 Dowan


Innate Abilities, Weirdness & Mutations

You cannot wear boots.
((Your serpentine skin is tough (AC +2).))
You have supernaturally acute eyesight.
((Armour fits poorly on your strangely shaped body.))
((Your system is resistant to poisons.))
((You cover ground very slowly.))
You have a slow metabolism.
You can spit poison.


Message History

The orc wizard is moderately wounded.
The orc shouts!
The orc wizard misses you.
You closely miss the orc wizard.
The orc wizard is moderately wounded.
The orc wizard hits you with a dagger.
* * * LOW HITPOINT WARNING * * *
Unknown command.
You hit the orc wizard.
The orc wizard is poisoned.
The orc wizard is heavily wounded.
You have got your breath back.
The orc wizard gestures wildly while chanting.
The orc wizard blinks!
Drink which item? (? for menu, Esc to quit)
It was a potion of flight.
You feel very buoyant.
You fly up into the air.
The orc wizard gestures at you while chanting.
The magic dart hits you!
You die...

#.............#
#.............#
#.............##
#................ .
#..............## ..
#........o..)..# ...
#..............# ....
#......ยง......... .....
#.o...s........#.
.$....###.............##
......+................
#.
......#############.##.
.[ ..... ... #. .... . #
#. e.. #.#. .. #.#.#. .
#.....


You could see an orc wizard and an orc.

Vanquished Creatures
  Sigmund (D:3)
  A sky beast (D:7)
  2 killer bees (D:7)
  3 wights (D:6)
  An orc priest (D:4)
  A worker ant (D:5)
  3 orc wizards
  2 giant frog skeletons
  Natasha (twice) (D:3)
  A hound zombie (D:7)
  A gnoll (D:4)
  An adder skeleton (D:4)
  A giant gecko (D:1)
  4 orcs
  3 bats
  A giant cockroach (D:4)
  3 goblins
  A jackal (D:2)
  A kobold (D:2)
  A quokka (D:2)
  A ball python (D:1)
  4 giant newts
  3 rats (D:1)
42 creatures vanquished.

Notes
Turn   | Place    | Note
--------------------------------------------------------------
     0 | D:1      | Charly the Naga Transmuter began the quest for the Orb.
     0 | D:1      | Reached XP level 1. HP: 18/18 MP: 3/3
    96 | D:1      | Reached XP level 2. HP: 13/25 MP: 3/5
   103 | D:1      | Learned a level 2 spell: Sticks to Snakes
   116 | D:2      | Found a sacrificial altar of Ru.
   120 | D:2      | Reached XP level 3. HP: 18/31 MP: 3/6
   138 | D:2      | Learned a level 3 spell: Spider Form
   296 | D:4      | Reached skill level 4 in Unarmed Combat
   296 | D:4      | Reached XP level 4. HP: 19/38 MP: 3/7
   422 | D:3      | Noticed Sigmund
   449 | D:3      | Killed Sigmund
   449 | D:3      | Reached skill level 5 in Unarmed Combat
   449 | D:3      | Reached XP level 5. HP: 38/44 MP: 0/8
   449 | D:3      | Reached XP level 6. HP: 44/51 MP: 0/9
   492 | D:3      | Found a shattered altar of Ashenzari.
   545 | D:3      | Noticed Natasha
   550 | D:3      | Killed Natasha
   550 | D:3      | Reached skill level 6 in Unarmed Combat
   559 | D:3      | Noticed Natasha
   570 | D:3      | Killed Natasha
   643 | D:5      | Entered Level 5 of the Dungeon
   674 | D:6      | Reached XP level 7. HP: 57/57 MP: 10/10
   801 | D:7      | Reached skill level 7 in Unarmed Combat
   801 | D:7      | Reached skill level 5 in Transmutations
   837 | D:7      | Noticed Dowan
   852 | D:7      | HP: 1/57 [orc wizard/dagger (3)]
   854 | D:7      | Killed from afar by an orc wizard

Action                   |  1- 3 |  4- 6 |  7- 9 || total
-------------------------+-------+-------+-------++-------
Melee: Unarmed           |    44 |    32 |    36 ||   112
 Cast: Beastly Appendage |     2 |       |       ||     2
       Sticks to Snakes  |     1 |       |     3 ||     4
       Spider Form       |     3 |     4 |     5 ||    12
 Abil: Spit Poison       |    20 |    16 |     7 ||    43
Evoke: Wand              |       |     1 |     8 ||     9
  Use: Potion            |       |     1 |     1 ||     2
       Scroll            |       |       |     1 ||     1
 Stab: Invisible         |       |     1 |       ||     1
       Paralysed         |       |       |     3 ||     3
  Eat: Fruit             |       |     5 |       ||     5
